| TOP OF THE 1ST |
|
WL Reds batting - Pitching for WL Blue Jays : RHP José Amaya
|
|
Pitching: RHP José Amaya
|
|
|
Batting: RHB Hector Vargas
|
0-0: Swinging Strike 0-1: Ball 1-1: Ball 2-1: Foul Ball, location: 2F 2-2: Ground out 6-3 (Groundball, 56)
|
|
Batting: RHB Dusty Lawrence
|
0-0: Ball 1-0: Called Strike 1-1: Ball 2-1: Ball 3-1: Foul Ball, location: 2F 3-2: Strikes out swinging
|
|
Batting: LHB José Parra
|
0-0: Called Strike 0-1: Called Strike 0-2: Ground out 4-3 (Groundball, 4)
|
| Top of the 1st over - 0 runs, 0 hits, 0 errors, 0 left on base; WL 0 - WL 0 |
| BOTTOM OF THE 1ST |
|
WL Blue Jays batting - Pitching for WL Reds : RHP Jose Salas
|
|
Pitching: RHP Jose Salas
|
|
|
Batting: LHB António Chávez
|
0-0: SOLO HOME RUN (Flyball, 9LD), Distance : 350 ft
|
|
Batting: LHB Richard Urena
|
0-0: Ground out 6-3 (Groundball, 6)
|
|
Batting: RHB Gene O'Connor
|
0-0: Called Strike 0-1: Called Strike 0-2: Ball 1-2: Ball 2-2: Foul Ball, location: 2F 2-2: Foul Ball, location: 2F 2-2: Strikes out looking
|
|
Batting: RHB Robinson Pérez
|
0-0: Called Strike 0-1: SOLO HOME RUN (Flyball, 7LD), Distance : 336 ft
|
|
Batting: LHB Zak Taylor
|
0-0: Called Strike 0-1: Ball 1-1: Swinging Strike 1-2: Foul Ball, location: 2F 1-2: Strikes out swinging
|
| Bottom of the 1st over - 2 runs, 2 hits, 0 errors, 0 left on base; WL 0 - WL 2 |
| TOP OF THE 2ND |
|
WL Reds batting - Pitching for WL Blue Jays : RHP José Amaya
|
|
Batting: RHB Montrell Marshall
|
0-0: Called Strike 0-1: Foul Ball, location: 2F 0-2: Foul Ball, location: 2F 0-2: Foul Ball, location: 2F 0-2: Hit by Pitch
|
|
Batting: LHB Houd bin Mu'ayyad
|
0-0: Swinging Strike 0-1: Fly out, F6 (Flyball, 56D)
|
|
Batting: RHB Gavin LaValley
|
0-0: Called Strike 0-1: Ball 1-1: Foul Ball, location: 2F 1-2: Strikes out swinging
|
|
Batting: RHB Derik Capitillo
|
0-0: Ball 1-0: Foul Ball, location: 2F 1-1: Foul Ball, location: 2F 1-2: Strikes out swinging
|
| Top of the 2nd over - 0 runs, 0 hits, 0 errors, 1 left on base; WL 0 - WL 2 |
| BOTTOM OF THE 2ND |
|
WL Blue Jays batting - Pitching for WL Reds : RHP Jose Salas
|
|
Batting: LHB Rob Holt
|
0-0: Ball 1-0: Ball 2-0: Bunted foul 2-1: Swinging Strike 2-2: Fly out, F8 (Flyball, 8RS)
|
|
Batting: RHB Tomás Martínez
|
0-0: Foul Ball, location: 2F 0-1: Ball 1-1: Foul Ball, location: 2F 1-2: Foul Ball, location: 2F 1-2: Ground out 1-3 (Groundball, 34S)
|
|
Batting: RHB Jesús Mosqueda
|
0-0: Called Strike 0-1: Called Strike 0-2: Ball 1-2: Strikes out swinging
|
| Bottom of the 2nd over - 0 runs, 0 hits, 0 errors, 0 left on base; WL 0 - WL 2 |
| TOP OF THE 3RD |
|
WL Reds batting - Pitching for WL Blue Jays : RHP José Amaya
|
|
Batting: RHB Jeff Branch
|
0-0: Ball 1-0: Ball 2-0: Called Strike 2-1: Ball 3-1: Foul Ball, location: 2F 3-2: Strikes out looking
|
|
Batting: RHB Jeff Cameron
|
0-0: Ball 1-0: Foul Ball, location: 2F 1-1: Foul Ball, location: 2F 1-2: Strikes out swinging
|
|
Batting: RHB Hector Vargas
|
0-0: Ball 1-0: Foul Ball, location: 2F 1-1: Swinging Strike 1-2: Foul Ball, location: 2F 1-2: Ball 2-2: Ball 3-2: Fly out, F9 (Flyball, 9)
|
| Top of the 3rd over - 0 runs, 0 hits, 0 errors, 0 left on base; WL 0 - WL 2 |
| BOTTOM OF THE 3RD |
|
WL Blue Jays batting - Pitching for WL Reds : RHP Jose Salas
|
|
Batting: RHB Henderson De Oleo
|
0-0: Foul Ball, location: 2F 0-1: Ball 1-1: Swinging Strike 1-2: Ground out 5-3 (Groundball, 5S)
|
|
Batting: LHB António Chávez
|
0-0: Ball 1-0: Ball 2-0: Fly out, F7 (Line Drive, 7)
|
|
Batting: LHB Richard Urena
|
0-0: Ground out 5-3 (Groundball, 56)
|
| Bottom of the 3rd over - 0 runs, 0 hits, 0 errors, 0 left on base; WL 0 - WL 2 |
| TOP OF THE 4TH |
|
WL Reds batting - Pitching for WL Blue Jays : RHP José Amaya
|
|
Batting: RHB Dusty Lawrence
|
0-0: Called Strike 0-1: Swinging Strike 0-2: Ground out 5-3 (Groundball, 5)
|
|
Batting: LHB José Parra
|
0-0: Swinging Strike 0-1: Ball 1-1: Foul Ball, location: 2F 1-2: Strikes out looking
|
|
Batting: RHB Montrell Marshall
|
0-0: Foul Ball, location: 2F 0-1: Ball 1-1: Foul Ball, location: 2F 1-2: Ball 2-2: Fly out, F7 (Flyball, 7S)
|
| Top of the 4th over - 0 runs, 0 hits, 0 errors, 0 left on base; WL 0 - WL 2 |
| BOTTOM OF THE 4TH |
|
WL Blue Jays batting - Pitching for WL Reds : RHP Jose Salas
|
|
Batting: RHB Gene O'Connor
|
0-0: Foul Ball, location: 2F 0-1: Ball 1-1: Swinging Strike 1-2: DOUBLE (Line Drive, 7LS)
|
|
Batting: RHB Robinson Pérez
|
0-0: Ball 1-0: Called Strike 1-1: Ball 2-1: Ground out 5-3 (Groundball, 5L)
|
|
Batting: LHB Zak Taylor
|
0-0: SINGLE (Line Drive, 4MD) Gene O'Connor to third Runner from 3rd tries for Home, SAFE, no throw by CF
|
|
Batting: LHB Rob Holt
|
0-0: Called Strike 0-1: Ball 1-1: Fielders Choice at 2nd, 4-6 (Groundball, 4M)
|
|
Batting: RHB Tomás Martínez
|
0-0: Foul Ball, location: 2F 0-1: Called Strike 0-2: Foul Ball, location: 2F 0-2: Ball 1-2: Foul Ball, location: 2F 1-2: Ball 2-2: Ball 3-2: Fly out, F9 (Flyball, 9S)
|
| Bottom of the 4th over - 1 run, 2 hits, 0 errors, 1 left on base; WL 0 - WL 3 |
| TOP OF THE 5TH |
|
WL Reds batting - Pitching for WL Blue Jays : RHP José Amaya
|
|
Batting: LHB Houd bin Mu'ayyad
|
0-0: Ball 1-0: Ground out U3 (Groundball, 3)
|
|
Batting: RHB Gavin LaValley
|
0-0: Called Strike 0-1: Ball 1-1: Ball 2-1: Ball 3-1: Called Strike 3-2: Fly out, F9 (Line Drive, 9D)
|
|
Batting: RHB Derik Capitillo
|
0-0: Ball 1-0: Called Strike 1-1: Called Strike 1-2: SOLO HOME RUN (Flyball, 7LD), Distance : 353 ft
|
|
Batting: RHB Jeff Branch
|
0-0: Ball 1-0: Ground out 4-3 (Groundball, 4M)
|
| Top of the 5th over - 1 run, 1 hit, 0 errors, 0 left on base; WL 1 - WL 3 |
| BOTTOM OF THE 5TH |
|
WL Blue Jays batting - Pitching for WL Reds : RHP Jose Salas
|
|
Batting: RHB Jesús Mosqueda
|
0-0: Fly out, F8 (Line Drive, 8LD)
|
|
Batting: RHB Henderson De Oleo
|
0-0: Foul Ball, location: 2F 0-1: Foul Ball, location: 2F 0-2: Fly out, F6 (Popup, 6)
|
|
Batting: LHB António Chávez
|
0-0: Called Strike 0-1: Ball 1-1: Ball 2-1: Foul Ball, location: 2F 2-2: Foul Ball, location: 2F 2-2: Ball 3-2: Base on Balls
|
|
Batting: LHB Richard Urena
|
0-0: Foul Ball, location: 2F 0-1: Called Strike António Chávez is caught stealing 2nd base 2-6
|
| Bottom of the 5th over - 0 runs, 0 hits, 0 errors, 0 left on base; WL 1 - WL 3 |
| TOP OF THE 6TH |
|
WL Reds batting - Pitching for WL Blue Jays : RHP José Amaya
|
|
Batting: RHB Jeff Cameron
|
0-0: Ball 1-0: Called Strike 1-1: Ball 2-1: Foul Ball, location: 2F 2-2: Foul Ball, location: 2F 2-2: Ball 3-2: Strikes out swinging
|
|
Batting: RHB Hector Vargas
|
0-0: Ball 1-0: Ball 2-0: Fly out, F9 (Line Drive, 9)
|
|
Batting: RHB Dusty Lawrence
|
0-0: Foul Ball, location: 2F 0-1: Swinging Strike 0-2: Ball 1-2: Strikes out swinging
|
| Top of the 6th over - 0 runs, 0 hits, 0 errors, 0 left on base; WL 1 - WL 3 |
| BOTTOM OF THE 6TH |
|
WL Blue Jays batting - Pitching for WL Reds : RHP Jose Salas
|
|
Batting: LHB Richard Urena
|
0-0: Ball 1-0: Called Strike 1-1: Bunt missed! 1-2: SINGLE (Line Drive, 56D)
|
|
Batting: RHB Gene O'Connor
|
0-0: Swinging Strike 0-1: SINGLE (Groundball, 56D) Richard Urena to second
|
|
Batting: RHB Robinson Pérez
|
0-0: Foul Ball, location: 2F 0-1: Ball 1-1: Foul Ball, location: 2F 1-2: Strikes out swinging
|
|
Batting: LHB Zak Taylor
|
0-0: Swinging Strike 0-1: Ball 1-1: Fly out, F9 (Line Drive, 9)
|
|
Batting: LHB Rob Holt
|
0-0: Foul Ball, location: 2F 0-1: Foul Ball, location: 2F 0-2: Fly out, F4 (Popup, 4)
|
| Bottom of the 6th over - 0 runs, 2 hits, 0 errors, 2 left on base; WL 1 - WL 3 |
| TOP OF THE 7TH |
|
WL Reds batting - Pitching for WL Blue Jays : RHP José Amaya
|
|
Batting: LHB José Parra
|
0-0: Foul Ball, location: 2F 0-1: Ball 1-1: Foul Ball, location: 2F 1-2: Ball 2-2: Ground out 1-3 (Groundball, P)
|
|
Batting: RHB Montrell Marshall
|
0-0: Ball 1-0: Ball 2-0: Called Strike 2-1: Ball 3-1: Base on Balls
|
|
Batting: LHB Houd bin Mu'ayyad
|
0-0: Grounds into double play, 6-4-3 (Groundball, 6)
|
| Top of the 7th over - 0 runs, 0 hits, 0 errors, 0 left on base; WL 1 - WL 3 |
| BOTTOM OF THE 7TH |
|
WL Blue Jays batting - Pitching for WL Reds : RHP Jose Salas
|
|
Pitching: RHP Soid Marquez
|
|
|
Batting: RHB Tomás Martínez
|
0-0: Called Strike 0-1: Foul Ball, location: 2F 0-2: Strikes out swinging
|
|
Batting: RHB Jesús Mosqueda
|
0-0: Ball 1-0: Fly out, F8 (Flyball, 8LD)
|
|
Batting: RHB Henderson De Oleo
|
0-0: Foul Ball, location: 2F 0-1: Ball 1-1: Fly out, F3 (Flyball, 3D)
|
| Bottom of the 7th over - 0 runs, 0 hits, 0 errors, 0 left on base; WL 1 - WL 3 |
| TOP OF THE 8TH |
|
WL Reds batting - Pitching for WL Blue Jays : RHP José Amaya
|
|
Batting: RHB Gavin LaValley
|
0-0: Ball 1-0: Ball 2-0: Called Strike 2-1: Foul Ball, location: 2F 2-2: Ball 3-2: Foul Ball, location: 2F 3-2: Foul Ball, location: 2F 3-2: Fly out, F9 (Flyball, 89D)
|
|
Pitching: LHP Scot Sykes
|
|
|
Batting: RHB Derik Capitillo
|
0-0: Ball 1-0: Ball 2-0: SINGLE (Groundball, 56D)
|
|
Batting: RHB Jeff Branch
|
0-0: Called Strike 0-1: Called Strike 0-2: Ball 1-2: Foul Ball, location: 2F 1-2: Strikes out swinging
|
|
Batting: RHB Jeff Cameron
|
0-0: Called Strike 0-1: Swinging Strike 0-2: Ball 1-2: Strikes out looking
|
| Top of the 8th over - 0 runs, 1 hit, 0 errors, 1 left on base; WL 1 - WL 3 |
| BOTTOM OF THE 8TH |
|
WL Blue Jays batting - Pitching for WL Reds : RHP Soid Marquez
|
|
Batting: LHB António Chávez
|
0-0: Fly out, F8 (Flyball, 89S)
|
|
Batting: LHB Richard Urena
|
0-0: Foul Ball, location: 2F 0-1: Foul Ball, location: 2F 0-2: Ground out U3 (Groundball, 3S)
|
|
Batting: RHB Gene O'Connor
|
0-0: Called Strike 0-1: Ball 1-1: Foul Ball, location: 2F 1-2: DOUBLE (Line Drive, 78D)
|
|
Batting: RHB Robinson Pérez
|
0-0: Ball 1-0: Foul Ball, location: 2F 1-1: Called Strike 1-2: Ball 2-2: Fly out, F9 (Flyball, 89S)
|
| Bottom of the 8th over - 0 runs, 1 hit, 0 errors, 1 left on base; WL 1 - WL 3 |
| TOP OF THE 9TH |
|
WL Reds batting - Pitching for WL Blue Jays : LHP Scot Sykes
|
|
Pitching: LHP Chet Greene
|
|
|
Batting: RHB Hector Vargas
|
0-0: Ball 1-0: Ball 2-0: Called Strike 2-1: Reached on error, E2 (Groundball, 2L)
|
|
Batting: RHB Dusty Lawrence
|
0-0: Foul Ball, location: 2F 0-1: Foul Ball, location: 2F 0-2: Ball 1-2: Ball 2-2: Ball 3-2: Strikes out swinging
|
|
Pinch Hitting: RHB Brian Reyes
|
0-0: Ball 1-0: Grounds into double play, 4-6-3 (Groundball, 34)
|
| Top of the 9th over - 0 runs, 0 hits, 1 error, 0 left on base; WL 1 - WL 3 |
|